 Dungeon Crawl Stone Soup version 0.16-a0-3369-g3e5b539 (webtiles) character file.

17340 Miyamura the Fighter (level 11, -3/108 HPs)
             Began as a Demigod Wanderer on Dec 29, 2014.
             Slain by a spiny frog (13 damage)
             ... on level 8 of the Dungeon.
             The game lasted 01:30:23 (27708 turns).

Miyamura the Fighter (Demigod Wanderer)            Turns: 27708, Time: 01:30:25

Health: -3/108     AC: 19    Str: 17      XL:     11   Next: 90%
Magic:  29/29      EV: 22    Int: 20 (21) God:
Gold:   1563       SH:  0    Dex: 19      Spells: 3 memorised, 11 levels left

rFire  . . .     SeeInvis .     y - +2 spear (venom)
rCold  . . .     Clarity  .     s - +5 ring mail {rN+}
rNeg   + + .     SustAb   +     (no shield)
rPois  .         Gourm    .     L - +0 helmet
rElec  .         Spirit   .     h - +1 cloak
rCorr  .         Warding  .     A - +2 pair of gloves
rMut   .         Stasis   .     (no boots)
MR     +....                    (no amulet)
Stlth  ++........               (no ring)
                                I - ring of positive energy

@: agile, lethally poisoned, somewhat resistant to hostile enchantments,
unstealthy
A: robust 1, sustain abilities
a: no special abilities


You were on level 8 of the Dungeon.
You were hungry.

You visited 4 branches of the dungeon, and saw 18 of its levels.

You collected 1563 gold pieces.

Inventory:

Hand weapons
 u - a +4 quarterstaff of chaos
 v - a +0 flail of holy wrath
 y - a +2 spear of venom (weapon)
 O - a +0 battleaxe
Armour
 h - a +1 cloak (worn)
 s - a +5 ring mail of positive energy (worn)
 A - a +2 pair of gloves (worn)
 L - a +0 helmet (worn)
Magical staves
 n - an uncursed staff of conjuration
 N - an uncursed staff of summoning
Jewellery
 I - a ring of positive energy (left hand)
 P - an uncursed amulet of stasis {unknown}
Magical devices
 k - a wand of heal wounds (0)
 C - a wand of magic darts (14)
Scrolls
 d - 3 scrolls of remove curse
 E - 3 scrolls of magic mapping
 J - 4 scrolls of amnesia
Potions
 a - a potion of restore abilities
 p - 3 potions of resistance
 w - a potion of might
 B - 2 potions of cancellation
 D - a potion of flight {unknown}
 G - a potion of mutation {unknown}
 K - a potion of ambrosia {unknown}
 Q - a potion of brilliance
Books
 b - a book of Callings

   Spells                             Type                      Level
   a - Summon Small Mammal            Summoning                    1
   b - Call Imp                       Summoning                    2
   c - Call Canine Familiar           Summoning                    3
   d - Summon Guardian Golem          Hexes/Summoning              4
   e - Summon Lightning Spire         Summoning/Air                4
   f - Summon Ice Beast               Ice/Summoning                4
 H - a book of Clouds

   Spells                             Type                      Level
   a - Mephitic Cloud                 Conjuration/Poison/Air       3
   b - Conjure Flame                  Conjuration/Fire             3
   c - Poisonous Cloud                Conjuration/Poison/Air       6
   d - Freezing Cloud                 Conjuration/Ice/Air          6
   e - Ring of Flames                 Charms/Fire                  7
Comestibles
 f - 7 bread rations
 g - 7 meat rations
 i - 9 royal jellies
 l - 9 beef jerkies
 t - 3 fruits


   Skills:
 - Level 10.0 Fighting
 - Level 1.3 Maces & Flails
 - Level 0.1(0.8) Staves
 - Level 8.4 Armour
 - Level 8.5 Dodging
 - Level 7.3 Spellcasting
 + Level 4.4 Conjurations
 + Level 0.3 Summonings
 + Level 4.3 Ice Magic
 + Level 4.6 Air Magic
 - Level 1.7 Evocations


You had 11 spell levels left.
You knew the following spells:

 Your Spells              Type           Power        Failure   Level  Hunger
a - Freezing Cloud        Conj/Ice/Air   ####......   99%         6    ######.
b - Mephitic Cloud        Conj/Pois/Air  ###.....     10%         3    #......
c - Summon Ice Beast      Ice/Summ       ###.....     38%         4    ###....


Dungeon Overview and Level Annotations

Branches:
Dungeon (11/15)            Temple (1/1) D:5            Lair (2/8) D:8
    Orc (4/4) D:10            Elf (0/3) Orc:3

Annotations:
Orc:2 Erolcha


Innate Abilities, Weirdness & Mutations

Your attributes are resistant to harm.
You are robust (+10% HP).


Message History

You are too injured to fight recklessly!
Wield which item (- for none, * to show all)? (? for menu, Esc to quit)
Okay, then.
Drink which item? (? for menu, Esc to quit)
Okay, then.
Read which item? (? for menu, Esc to quit)
Okay, then.
Drink which item? (? for menu, Esc to quit)
It was a potion of agility.
You feel agile all of a sudden.
You feel sick. The spiny frog stings you.
* * * LOW HITPOINT WARNING * * *
Drink which item? (? for menu, Esc to quit)
It was a potion of degeneration.
There was something very wrong with that liquid.
You feel somewhat dopey.
You feel sick.
The spiny frog stings you but does no damage.
The spiny frog stings you!
You die...

........#.........#.......# #
..........................## #
.........#(...#..##........######
........##.......#########.......
........##.###.).###############.
.###....#### #.................(.
## #....######.....##############
##...........#.F.##.....##
#...#....)...#@#.........#
###)###...(.<.(#####....[..#
..............(...†....<...#
....###........#####...[...#
##### #........# #.......#
#........# #.......# #........#
##.....## #........# #######
##########


You could see a spiny frog.

Vanquished Creatures
  Gastronok (Orc:2)
  An orc knight (D:10)
  A griffon (Lair:2)
  An ugly thing (D:10)
  Maurice (D:8)
  A komodo dragon (D:8)
  2 spiny frogs
  A troll (Orc:3)
  A blink frog (D:8)
  4 two-headed ogres
  A deep elf mage (D:9)
  A wyvern (D:8)
  Eustachio (D:5)
  A hungry ghost (D:7)
  7 yaks
  5 hippogriffs
  A soldier ant (D:9)
  3 wargs
  5 wolves (Lair:1)
  A spider (D:9)
  4 ice beasts
  A porcupine (Lair:1)
  2 black bears
  10 ogres
  2 water moccasins
  17 orc warriors
  2 necrophages
  2 phantoms
  4 sky beasts
  A boring beetle (D:9)
  6 crocodiles
  2 centaurs
  2 big kobolds
  Blork the orc (D:8)
  7 giant frogs
  4 scorpions
  7 killer bees
  5 wights (D:10)
  An electric eel (Lair:2)
  3 goliath beetles
  A centaur zombie (D:8)
  A giant frog zombie (D:9)
  8 crimson imps
  A lava snake (Orc:1)
  22 orc priests
  2 jellies
  Crazy Yiuf (D:6)
  A giant frog skeleton (D:6)
  8 hounds
  A centaur skeleton (D:5)
  3 iguanas
  33 orc wizards
  8 worker ants
  A mummy (D:9)
  16 adders
  4 gnolls (D:8)
  5 river rats (Lair:1)
  A giant mite (D:10)
  3 worms
  2 shadow imps
  An adder zombie (D:9)
  6 giant geckos
  2 oozes
  140 orcs
  A ball python (D:2)
  18 bats
  2 bat skeletons
  4 bat zombies
  17 goblins
  16 hobgoblins
  11 jackals
  12 quokkas
  9 giant cockroaches
  A giant gecko zombie (D:6)
  7 giant newts
  2 giant spores (D:7)
  21 kobolds
  2 quokka skeletons
  15 rats
  A ballistomycete (D:7)
533 creatures vanquished.

Vanquished Creatures (others)
  2 orcs
  3 fungi (Lair:2)
  A plant (Lair:2)
6 creatures vanquished.

Grand Total: 539 creatures vanquished

Notes
Turn   | Place    | Note
--------------------------------------------------------------
     0 | D:1      | Miyamura, the Demigod Wanderer, began the quest for the Orb.
     0 | D:1      | Miyamura set off with: a +2 mace, a potion of curing, a potion of lignification, a +0 robe, a bread ration
     0 | D:1      | Reached XP level 1. HP: 23/23 MP: 2/2
   313 | D:1      | Reached XP level 2. HP: 29/29 MP: 3/3
   588 | D:1      | Reached skill level 1 in Armour
   837 | D:2      | Reached XP level 3. HP: 28/36 MP: 5/5
   927 | D:2      | Reached skill level 1 in Spellcasting
  1810 | D:2      | Reached XP level 4. HP: 42/42 MP: 9/9
  2564 | D:4      | Noticed an orc warrior
  2748 | D:4      | Noticed an ice beast
  2801 | D:4      | Found a white marble altar of Elyvilon.
  2824 | D:4      | Reached XP level 5. HP: 50/50 MP: 10/10
  3563 | D:4      | Noticed a sky beast
  3756 | D:4      | Killed an orc warrior
  3756 | D:4      | Reached skill level 6 in Fighting
  3756 | D:4      | Reached XP level 6. HP: 57/57 MP: 15/15
  4050 | D:4      | Killed an ice beast
  4398 | D:4      | Reached XP level 7. HP: 56/64 MP: 18/18
  4630 | D:4      | Killed a sky beast
  4634 | D:4      | Gained mutation: You are robust (+10% HP). [mutagenic meat]
  4840 | D:5      | Entered Level 5 of the Dungeon
  4870 | D:5      | Found a staircase to the Ecumenical Temple.
  5078 | Temple   | Entered the Ecumenical Temple
  5291 | D:5      | Found an ancient bone altar of Kikubaaqudgha.
  5293 | D:5      | Found a bloodstained altar of Trog.
  5314 | D:5      | Found a radiant altar of Vehumet.
  5756 | D:5      | Found an opulent altar of Gozag.
  6399 | D:5      | Noticed Eustachio
  6430 | D:5      | Killed Eustachio
  6430 | D:5      | Reached XP level 8. HP: 69/78 MP: 20/20
  6505 | D:5      | Reached skill level 7 in Fighting
  6734 | D:5      | Reached skill level 5 in Armour
  6863 | D:6      | Reached skill level 5 in Dodging
  7184 | D:6      | Got a spiked shield
  7190 | D:6      | Identified the cursed -5 shield "Pafofuf" {Str+3 Int+2} (You found it on level 6 of the Dungeon)
  7340 | D:6      | Noticed Crazy Yiuf
  7368 | D:6      | Killed Crazy Yiuf
  8498 | D:6      | Reached XP level 9. HP: 88/88 MP: 23/23
  8871 | D:7      | Reached skill level 8 in Fighting
  8871 | D:7      | Reached skill level 5 in Spellcasting
  9718 | D:8      | Found a staircase to the Lair.
  9964 | D:8      | Noticed Maurice
 10131 | D:8      | Noticed Blork the orc
 10476 | D:8      | Killed Blork the orc
 11193 | D:8      | Found an ancient bone altar of Kikubaaqudgha.
 11355 | D:8      | Killed Maurice
 11700 | D:9      | Reached XP level 10. HP: 77/99 MP: 26/26
 12629 | D:9      | Reached skill level 9 in Fighting
 14524 | D:10     | Entered Level 10 of the Dungeon
 14777 | D:10     | Found a staircase to the Orcish Mines.
 15934 | Lair:1   | Entered Level 1 of the Lair of Beasts
 17512 | Lair:1   | Reached XP level 11. HP: 99/108 MP: 28/28
 17571 | Lair:1   | Noticed a six-headed hydra
 20336 | D:8      | Learned a level 6 spell: Freezing Cloud
 20378 | D:10     | Noticed a white ugly thing
 20395 | D:10     | Killed a white ugly thing
 20395 | D:10     | Reached skill level 10 in Fighting
 20598 | Orc:1    | Entered Level 1 of the Orcish Mines
 20699 | D:10     | Reached skill level 1 in Conjurations
 20699 | D:10     | Reached skill level 1 in Ice Magic
 20699 | D:10     | Reached skill level 1 in Air Magic
 22551 | Orc:2    | Noticed Gastronok
 22591 | Orc:2    | Killed Gastronok
 22862 | Orc:2    | Noticed Erolcha
 23441 | Orc:1    | Found a roughly hewn altar of Beogh.
 23665 | Orc:3    | Found a staircase to the Elven Halls.
 25269 | Orc:4    | Entered Level 4 of the Orcish Mines
 26176 | Orc:4    | Noticed an orc warlord
 26237 | Orc:3    | Learned a level 3 spell: Mephitic Cloud
 27444 | Lair:1   | Learned a level 4 spell: Summon Ice Beast
 27708 | D:8      | Slain by a spiny frog

Action                   |  1- 3 |  4- 6 |  7- 9 | 10-12 || total
-------------------------+-------+-------+-------+-------++-------
Melee: Mace              |   122 |   136 |       |       ||   258
       Battleaxe         |       |    34 |    43 |   515 ||   592
       Unarmed           |       |    14 |       |       ||    14
       Flail             |       |     8 |    23 |    56 ||    87
       Whip              |       |       |   283 |       ||   283
       Quarterstaff      |       |       |    70 |   102 ||   172
       Spear             |       |       |   298 |   895 ||  1193
 Cast: Mephitic Cloud    |       |       |       |     5 ||     5
Evoke: Wand              |       |     3 |     3 |    17 ||    23
  Use: Scroll            |     8 |     3 |     9 |    19 ||    39
       Potion            |       |     1 |     1 |    18 ||    20
 Stab: Paralysed         |       |       |     2 |       ||     2
       Distracted        |       |       |     1 |     1 ||     2
       Confused          |       |       |       |     2 ||     2
       Petrified         |       |       |       |     1 ||     1
  Eat: Chunk             |     3 |     9 |    24 |    49 ||    85
       Pizza             |       |       |     1 |     2 ||     3
       Fruit             |       |       |       |     4 ||     4
